 Dungeon Crawl Stone Soup version 0.27.1-33-g824d729ab1 (webtiles) character file.

Game seed: 11929389473225530419

168 EWolf27 the Digger (level 5, -13/31 HPs)
             Began as a Gargoyle Earth Elementalist on Dec 21, 2021.
             Blown up by Ijyb (32 damage)
             ... with a mindburst bolt
             ... on level 3 of the Dungeon on Dec 23, 2021.
             The game lasted 00:13:17 (4501 turns).

EWolf27 the Digger (Gargoyle Earth Elementalist)    Turns: 4501, Time: 00:13:18

Health: -13/31     AC:  7    Str: 12    XL:     5   Next: 48%
Magic:  5/9        EV: 11    Int: 16    God:
Gold:   155        SH:  0    Dex: 10    Spells: 6/10 levels left

rFire    + . .     SeeInvis .   a - +0 whip
rCold    . . .     Faith    .   (no shield)
rNeg     + . .     Spirit   .   d - +0 leather armour
rPois    ∞         Reflect  .   (no helmet)
rElec    +         Harm     .   (no cloak)
rCorr    .         Rampage  .   (no gloves)
Will     .....                  (no boots)
Stlth    ++........             (no amulet)
HPRegen  0.10/turn              g - ring of protection from fire
MPRegen  0.11/turn              (no ring)

@: no status effects
A: sickness immunity, AC +4, negative energy resistance 1, electricity
resistance, torment resistance 1, petrification resistance
a: no special abilities


You were on level 3 of the Dungeon.
You visited 1 branch of the dungeon, and saw 3 of its levels.

You collected 155 gold pieces.

Inventory:

Hand Weapons
 a - a +0 whip (weapon)
Missiles
 c - 21 stones
Armour
 d - a +0 leather armour (worn)
Jewellery
 g - a ring of protection from fire (left hand)
 h - a +6 ring of intelligence
Scrolls
 b - a scroll of noise {unknown}
 e - a scroll of fear {unknown}
 f - a scroll of vulnerability {unknown}
 i - a scroll of torment {unknown}
 j - a scroll of teleportation {unknown}
 k - 2 scrolls of holy word {unknown}
 m - a scroll of magic mapping {unknown}
Potions
 l - 2 potions of might {unknown}


   Skills:
 + Level 2.5 Fighting
 + Level 2.2 Maces & Flails
 - Level 1.5 Dodging
 - Level 2.1 Stealth
 - Level 3.0 Spellcasting
 + Level 0.0 Conjurations
 - Level 0.7 Transmutations
 + Level 4.7 Earth Magic


You had 6 spell levels left.
You knew the following spells:

 Your Spells              Type           Power      Damage    Failure   Level
a - Sandblast             Erth           34%        2d9       3%          1
b - Stone Arrow           Conj/Erth      20%        3d8       26%         3

Your spell library contained the following spells:

 Spells                   Type           Power      Damage    Failure   Level
 Passwall                 Tmut/Erth      9%         N/A       12%         2
 Animate Skeleton         Necr           4%         N/A       24%         1
 Pain                     Necr           8%         1d4       24%         1
 Vampiric Draining        Necr           1%         2d6       56%         3
 Petrify                  Tmut/Erth      11%        N/A       61%         4


Dungeon Overview and Level Annotations

Branches:
Dungeon (3/15)

Altars:

Annotations:
D:2 exclusion: downstairs
D:3 Ijyb


Innate Abilities, Weirdness & Mutations

You are immune to sickness and miasma.
Your stone body is resilient. (AC +4)
You are immune to poison.
You resist negative energy. (rN+)
You are resistant to electric shocks. (rElec)
You are resistant to unholy torment.
You are immune to petrification.


Message History

Aiming: Sandblast (safe; 3% risk of failure)
Press: ? - help, Q - select action, (/) - cycle Shift-Dir - straight line, f - Ijyb
Aim: Ijyb, wielding a +0 dagger, wearing a +1 ring mail of cold resistance and carrying a wand of mindburst (9) (77% to hit)
You miscast Sandblast.
You are very lightly contaminated with residual magic.
Nothing appears to happen.
Ijyb zaps a wand.
Your mind is blasted!
Aiming: Sandblast (safe; 3% risk of failure)
Press: ? - help, Q - select action, (/) - cycle Shift-Dir - straight line, f/p - Ijyb
Aim: Ijyb, wielding a +0 dagger, wearing a +1 ring mail of cold resistance and carrying a wand of mindburst (8) (77% to hit)
The blast of sand hits Ijyb but does no damage.
Aiming: Sandblast (safe; 3% risk of failure)
Press: ? - help, Q - select action, (/) - cycle Shift-Dir - straight line, f/p - Ijyb
Aim: Ijyb, wielding a +0 dagger, wearing a +1 ring mail of cold resistance and carrying a wand of mindburst (8) (77% to hit)
The blast of sand hits Ijyb but does no damage.
Ijyb screams, "Get away!"
You barely miss Ijyb. Ijyb hits you with a +0 dagger.
You closely miss Ijyb. Ijyb hits you but does no damage.
You closely miss Ijyb. Ijyb hits you but does no damage.
Your magical contamination has completely faded away.
Casting: Sandblast (safe; 3% risk of failure)
Confirm with . or Enter, or press ? or * to list all spells.
The spell is quite dangerous to cast (26% risk of failure)!
Continue anyway?
Okay, then.
Aiming: Sandblast (safe; 3% risk of failure)
Press: ? - help, Q - select action, (/) - cycle Shift-Dir - straight line, f/p - Ijyb
Aim: Ijyb, wielding a +0 dagger, wearing a +1 ring mail of cold resistance and carrying a wand of mindburst (8) (77% to hit)
The blast of sand hits Ijyb but does no damage.
Ijyb misses you.
Aiming: Sandblast (safe; 3% risk of failure)
Press: ? - help, Q - select action, (/) - cycle Shift-Dir - straight line, f/p - Ijyb
Aim: Ijyb, wielding a +0 dagger, wearing a +1 ring mail of cold resistance and carrying a wand of mindburst (8) (77% to hit)
The blast of sand hits Ijyb but does no damage.
Ijyb hits you but does no damage.
You closely miss Ijyb. Ijyb closely misses you.
You barely miss Ijyb. Ijyb hits you with a +0 dagger.
You hit Ijyb but do no damage. Ijyb completely misses you.
You hit Ijyb but do no damage.
Ijyb zaps a wand.
Your mind is blasted!
Ouch! That really hurt!
You die...

########### #.........#
######## #.........#####
#.......
#........g@...######.##.###
######.######.....##.......
#. #####.##....... ##
#.......... #..........
.....##.###### ..
..#..###....... ......
##.....###### ###.....
######.######


You could see Ijyb.

Vanquished Creatures
  An iguana (D:2)
  6 adders
  2 worms (D:2)
  2 dart slugs (D:1)
  13 ball pythons
  2 bats
  3 endoplasms
  2 giant cockroaches
  8 goblins
  5 hobgoblins
  8 jackals (D:2)
  6 quokkas
  9 frilled lizards
  4 kobolds
  3 rats
74 creatures vanquished.

Vanquished Creatures (others)
  3 fungi (D:2)
3 creatures vanquished.

Grand Total: 77 creatures vanquished

Notes
Turn   | Place    | Note
-------+----------+-------------------------------------------
     0 | D:1      | EWolf27 the Gargoyle Earth Elementalist began the quest for
                  | the Orb.
     0 | D:1      | Reached XP level 1. HP: 10/10 MP: 3/3
   254 | D:1      | Reached XP level 2. HP: 16/16 MP: 1/5
   333 | D:1      | Reached skill level 1 in Fighting
  1161 | D:1      | Reached skill level 4 in Earth Magic
  1193 | D:1      | Reached skill level 1 in Maces & Flails
  1193 | D:1      | Reached XP level 3. HP: 20/20 MP: 4/6
  1496 | D:1      | Learned a level 3 spell: Stone Arrow
  2286 | D:2      | Reached XP level 4. HP: 26/26 MP: 4/7
  2751 | D:2      | Found a faded altar of an unknown god.
  3589 | D:2      | Reached XP level 5. HP: 28/30 MP: 9/9
  4049 | D:3      | Noticed a sky beast
  4484 | D:3      | Noticed Ijyb
  4501 | D:3      | Blown up by Ijyb

Illustrated notes

Levels and vault maps discovered:
D:1:      wander_arrival_estate, layout_basic
D:2:      layout_loops_cross, hellmonk_ecumenical_altar_lost_god,
          minmay_misc_feat_ornament, minmay_shallow_snake_nest
D:3:      minmay_razor_zed, layout_rooms, uniq_terence, uniq_ijyb

Skill      XL: |  1  2  3  4  5 |
---------------+----------------+-----
Fighting       | 1 2 |  2.5
Earth Magic    | 4 |  4.7
Maces & Flails | 1 2 |  2.2
Spellcasting   | 3 |  3.0
Dodging        | |  1.5
Stealth        | |  2.1
Transmutations | |  0.7

Action                   |  1- 3 |  4- 6 || total
-------------------------+-------+-------++-------
Melee: Unarmed           |     3 |       ||     3
       Club              |    12 |       ||    12
       Whip              |    57 |   191 ||   248
 Cast: Sandblast         |    32 |    20 ||    52
 Stab: Sleeping          |     3 |     3 ||     6
Armor: Robe              |     3 |       ||     3
       Leather armour    |    37 |    89 ||   126
Dodge: Dodged            |    69 |   119 ||   188
